 Dungeon Crawl Stone Soup version 0.32-a0-136-gc02482b (webtiles) character file.

Game seed: 17315636720827314678

18862 Dorkslayer the Grappler (level 12, 0/89 HPs)
             Began as an Octopode Fighter on Feb 10, 2024.
             Was a Priest of Dithmenos.
             Slain by a harpy simulacrum (11 damage)
             ... in an ice cave.
             The game lasted 00:55:15 (13890 turns).

Dorkslayer the Grappler (Octopode Fighter)         Turns: 13890, Time: 00:55:16

Health: 0/89       AC: 15    Str: 26    XL:     12   Next: 63%
Magic:  10/10      EV: 19    Int: 11    God:    Dithmenos [***...]
Gold:   596        SH: 12    Dex: 11    Spells: 11/11 levels left

rFire   + . .        d - +7 flail (protect)
rCold   . . .        r - +2 kite shield {AC+3}
rNeg    . . .        (helmet currently unavailable)
rPois   +            (no amulet)
rElec   .            h - +4 ring of protection
rCorr   .            m - ring of wizardry
SInv    .            b - ring of willpower
Will    +....        o - +5 ring of evasion
Stlth   ++++++       D - ring of poison resistance
HPRegen 0.34/turn    E - ring of flight
MPRegen 0.12/turn    y - +6 ring of strength
                     (no ring)

%: random rage (3%), wizardry (x1)
@: beast-form, under a protective aura, flying, wreathed by umbra
A: beast (slay +4), almost no armour, amphibious, 8 rings, camouflage 1,
gelatinous body 1, (nimble swimmer 1), tentacles, berserk 1, fire resistance 1,
low MP 1, robust 1
a: Begin Untransformation, Renounce Religion, Shadow Step


You were in an ice cave.
You worshipped Dithmenos.
Dithmenos was most pleased with you.
You were a hulking beast.
You visited 3 branches of the dungeon, and saw 13 of its levels.
You also visited: Bailey and Ice Cave.

You collected 1108 gold pieces.
You spent 512 gold pieces at shops.

Inventory:

Hand Weapons
 d - a +7 flail of protection (weapon)
 n - a +1 war axe of chaos
 p - a +5 war axe of freezing
 q - a +1 war axe of flaming
Missiles
 g - a curare-tipped dart
 s - 3 boomerangs (quivered)
 v - 2 throwing nets
Armour
 r - a +2 kite shield of protection (worn)
 x - a +1 hat of stealth
Jewellery
 b - a ring of willpower (on tentacle)
 h - a +4 ring of protection (left tentacle)
 m - a ring of wizardry (right tentacle)
 o - a +5 ring of evasion (on tentacle)
 y - a +6 ring of strength (on tentacle)
 D - a ring of poison resistance (on tentacle)
 E - a ring of flight (on tentacle)
Talismans
 l - a beast talisman (active)
 u - a serpent talisman
Wands
 a - a wand of paralysis (13)
 A - a wand of polymorph (9)
Scrolls
 e - 4 scrolls of fog
 i - 2 scrolls of amnesia
 j - a scroll of teleportation
 z - a scroll of immolation
 C - a scroll of brand weapon
Potions
 c - a potion of enlightenment
 f - 2 potions of mutation
 k - a potion of magic
 B - a potion of curing
Miscellaneous
 t - a condenser vane (inert)


   Skills:
 + Level 7.6 Fighting
 - Level 5.8(6.7) Axes
 - Level 4.9(6.2) Maces & Flails
 + Level 2.6 Throwing
 + Level 7.4 Dodging
 + Level 8.7 Stealth
 + Level 7.4 Shields
 * Level 9.6 Unarmed Combat
 * Level 5.8 Evocations
 * Level 7.1 Shapeshifting


You had 11 spell levels left.
You didn't know any spells.
Your spell library contained the following spells:

 Spells                   Type           Power      Damage    Failure   Level
 Freeze                   Ice            0%         1d3       26%         1
 Magic Dart               Conj           0%         1d3       26%         1
 Ensorcelled Hibernation  Hex/Ice        0%         N/A       34%         2
 Searing Ray              Conj           0%         2d4       34%         2
 Frozen Ramparts          Ice            0%         1d1       56%         3
 Fugue of the Fallen      Necr           0%         N/A       56%         3
 Hailstorm                Conj/Ice       0%         3d5       56%         3
 Ozocubu's Armour         Ice            0%         N/A       56%         3
 Anguish                  Hex/Necr       0%         N/A       91%         4
 Fulminant Prism          Conj/Alch      0%         3d5       91%         4
 Passage of Golubria      Tloc           0%         N/A       91%         4
 Metabolic Englaciation   Hex/Ice        0%         N/A       99%         5
 Silence                  Hex/Air        0%         N/A       99%         5
 Sculpt Simulacrum        Ice/Alch       0%         N/A       100%        6
 Lehudib's Crystal Spear  Conj/Erth      0%         10d2      100%        8


Dungeon Overview and Level Annotations

Branches:
Dungeon (11/15)            Temple (1/1) D:5            Lair (0/5) D:10
    Orc (1/2) D:9          Bailey (visited)           IceCv (1/1)

Altars:
Ashenzari
Cheibriados
Dithmenos
Elyvilon
Fedhas
Gozag
Hepliaklqana
Kikubaaqudgha
Makhleb
Nemelex Xobeh
Okawaru
Qazlal
Ru
Sif Muna
Trog
Uskayaw
Vehumet
Wu Jian
Xom
Yredelemnul
Zin
The Shining One

Shops:
D:6 *   Orc:1 [

Annotations:
Orc:1 Quang's ghost, journeyman SpHu


Innate Abilities, Weirdness & Mutations

You are a hulking beast.
Your limbs bulge with bestial killing power. (Slay +4)
You cannot wear most types of armour.
You are amphibious.
You can wear up to eight rings at the same time.
Your skin changes colour to match your surroundings (Stealth+).
Your rubbery body absorbs attacks. (AC +1, EV +1)
((You are camouflaged when in or above water. (Stealth+)))
You have tentacles for arms and can constrict up to eight enemies at once.
You sometimes lose your temper in combat.
Your flesh is heat resistant. (rF+)
Your magical capacity is low. (-10% MP)
You are robust. (+10% HP)


Message History

Your weapon exudes an aura of protection.
You squeeze the ice statue, but do no damage.
The ice statue is lightly damaged.
You bludgeon the ice statue!!
The ice statue is moderately damaged.
The ice statue gestures at you. You block the shard of ice.
You sock the ice statue!
You squeeze the ice statue, but do no damage.
The ice statue is heavily damaged.
You hit the ice statue but do no damage.
The ice statue is heavily damaged.
You bludgeon the ice statue!! You squeeze the ice statue!
You destroy the ice statue!
Dithmenos accepts your kill. The harpy simulacrum misses you.
The harpy simulacrum closely misses you.
You barely miss the harpy simulacrum. Your grab misses the harpy simulacrum.
The harpy simulacrum claws you. The harpy simulacrum freezes you!!
The harpy simulacrum misses you. The harpy simulacrum barely misses you.
You block the harpy simulacrum's attack.
You hit the white ugly thing. Your grab misses the white ugly thing.
You squeeze the white ugly thing!
The white ugly thing is moderately wounded.
The white ugly thing gores you. The white ugly thing freezes you!
You barely miss the white ugly thing. You grab the white ugly thing.
You tentacle-slap the white ugly thing. You squeeze the white ugly thing.
The white ugly thing is moderately wounded.
You constrict the white ugly thing. The white ugly thing gores you.
The white ugly thing freezes you!!
* * * LOW HITPOINT WARNING * * *
You bludgeon the white ugly thing!! You tentacle-slap the white ugly thing!
You squeeze the white ugly thing.
You kill the white ugly thing!
Dithmenos accepts your kill.
The harpy simulacrum completely misses you.
The harpy simulacrum barely misses you. The harpy simulacrum claws you.
* * * LOW HITPOINT WARNING * * *
The harpy simulacrum freezes you!
You die...

############# .
##.....#[.[..## # ..
##......#......###
...#h......#!......#.
.....ZZ.................
......#.......#.......#.
.....###......#?.....###
!$..# ##.....#(....## #
#### #############


You could see a dire elephant simulacrum and a harpy simulacrum.

Vanquished Creatures
  An orc warlord (Orc:1)
  The ghost of Sep Cush the Summoner, a journeyman FeSu of Kikubaaqudgha (Orc:1)
  A centaur warrior (D:8)
  The ghost of Dorkslayer the Martial Artist, a journeyman OpFi of Okawaru (Orc:1)
  A sun demon (D:10)
  An orc knight (Bailey)
  Pikel (D:5)
  A deep elf pyromancer (Bailey)
  An orc sorcerer (Orc:1)
  2 ugly things
  3 ice statues (IceCv)
  4 kobold blastminers (Orc:1)
  A rust devil (D:10)
  An unseen horror (D:10)
  A freezing wraith (IceCv)
  3 trolls
  2 hornets
  A vampire (D:8)
  A wraith (D:8)
  2 wyverns
  9 yaks
  2 wargs (D:9)
  A neqoxec (D:10)
  Edmund (D:5)
  A harpy simulacrum (IceCv)
  2 vampire mosquitoes (D:8)
  15 orc warriors
  2 ice beasts
  2 sky beasts (D:7)
  An ogre (D:5)
  2 wolves (D:10)
  3 centaurs
  2 lemures (D:5)
  3 phantoms
  3 bullfrogs
  A kobold brigand (D:10)
  A cane toad simulacrum (IceCv)
  A wyvern zombie (D:7)
  2 gnoll sergeants
  2 water moccasin zombies (D:7)
  3 scorpions
  12 wights (D:7)
  An elephant simulacrum (IceCv)
  12 killer bees
  9 howler monkeys
  2 bullfrog zombies (D:7)
  4 centaur zombies (D:7)
  A jelly (D:4)
  4 bombardier beetles (D:5)
  A quasit (D:10)
  A gnoll bouda (D:5)
  7 orc priests
  5 hounds
  4 iguanas
  Jessica (D:3)
  Terence (D:3)
  2 sleepcaps (D:8)
  12 orc wizards
  3 killer bee zombies (D:7)
  3 wolf simulacra (IceCv)
  4 howler monkey zombies (D:7)
  22 gnolls
  8 adders
  A shadow imp (D:8)
  2 ribbon worms
  2 dart slugs
  52 orcs
  7 ball pythons
  5 bats
  4 endoplasms
  3 giant cockroaches
  5 goblins
  8 hobgoblins
  5 jackals (D:1)
  5 quokkas
  4 frilled lizards
  5 kobolds
  2 rats (D:3)
318 creatures vanquished.

Vanquished Creatures (collateral kills)
  An ice beast (D:6)
  A black bear (D:6)
  An orc (D:6)
3 creatures vanquished.

Vanquished Creatures (others)
  A ball python (D:3)
1 creature vanquished.

Grand Total: 322 creatures vanquished

Notes
Turn   | Place    | Note
-------+----------+-------------------------------------------
     0 | D:1      | Dorkslayer the Octopode Fighter began the quest for the
                  | Orb.
     0 | D:1      | Reached XP level 1. HP: 16/16 MP: 1/1
   247 | D:1      | Reached XP level 2. HP: 21/21 MP: 2/2
   477 | D:1      | Reached XP level 3. HP: 22/26 MP: 3/3
   795 | D:2      | Gained mutation: Your magical capacity is low. (-10% MP)
                  | [potion of mutation]
   795 | D:2      | Gained mutation: You are robust. (+10% HP) [potion of
                  | mutation]
   795 | D:2      | Gained mutation: Your flesh is heat resistant. (rF+)
                  | [potion of mutation]
   931 | D:2      | Found a faded altar of an unknown god.
  1034 | D:2      | Reached XP level 4. HP: 34/34 MP: 3/3
  1189 | D:2      | Reached skill level 3 in Unarmed Combat
  1467 | D:3      | Reached skill level 1 in Stealth
  1559 | D:3      | Found a glowing golden altar of the Shining One.
  1561 | D:3      | Noticed an angel
  1575 | D:3      | Found a basalt altar of Yredelemnul.
  1577 | D:3      | Noticed a profane servitor
  1674 | D:3      | Noticed Terence
  1683 | D:3      | Killed Terence
  1684 | D:3      | Reached XP level 5. HP: 23/39 MP: 4/4
  1841 | D:3      | Found an ornate altar of the Wu Jian Council.
  1879 | D:3      | Reached skill level 4 in Unarmed Combat
  1998 | D:3      | Noticed Jessica
  2004 | D:3      | Killed Jessica
  2195 | D:3      | Reached XP level 6. HP: 46/46 MP: 5/5
  2604 | D:4      | Reached skill level 5 in Unarmed Combat
  2875 | D:4      | Noticed an orc warrior
  2892 | D:4      | Killed an orc warrior
  2893 | D:4      | Reached XP level 7. HP: 29/50 MP: 6/6
  3170 | D:5      | Entered Level 5 of the Dungeon
  3228 | D:5      | Reached skill level 6 in Unarmed Combat
  3236 | D:5      | Reached skill level 1 in Shapeshifting
  3451 | D:5      | Reached skill level 1 in Axes
  3455 | D:5      | Noticed Edmund
  3459 | D:5      | Reached XP level 8. HP: 37/59 MP: 7/7
  3464 | D:5      | HP: 1/59 [Edmund/+7 flail of protection (14)]
  3465 | D:5      | Killed Edmund
  3467 | D:5      | Noticed Pikel
  3765 | D:5      | Found a staircase to the Ecumenical Temple.
  3786 | D:5      | Reached skill level 5 in Stealth
  3793 | D:5      | Reached skill level 1 in Maces & Flails
  3814 | D:5      | Found a radiant altar of Vehumet.
  3816 | D:5      | You fall into a shaft and drop 3 floors!
  3892 | D:8      | Found a sparkling altar of Nemelex Xobeh.
  3892 | D:8      | Found a hazy altar of Hepliaklqana.
  4022 | D:7      | Reached skill level 7 in Unarmed Combat
  4047 | D:7      | Reached XP level 9. HP: 45/63 MP: 8/8
  4281 | D:7      | Found a flagged portal.
  4294 | Bailey   | Entered a bailey
  4437 | Bailey   | Reached skill level 5 in Fighting
  4437 | Bailey   | Reached skill level 5 in Dodging
  4445 | Bailey   | Reached XP level 10. HP: 37/72 MP: 9/9
  4464 | Bailey   | Found a large runed translucent door.
  4464 | Bailey   | Found a large runed translucent door.
  4464 | Bailey   | Noticed an orc knight
  4464 | Bailey   | Noticed a deep elf pyromancer
  4600 | Bailey   | Killed an orc knight
  4601 | Bailey   | Reached skill level 5 in Axes
  4734 | Bailey   | Killed a deep elf pyromancer
  4735 | Bailey   | Reached skill level 8 in Unarmed Combat
  5164 | D:5      | Killed Pikel
  5229 | Temple   | Entered the Ecumenical Temple
  5241 | Temple   | Became a worshipper of Dithmenos the Shadowed
  5448 | D:6      | Found Rydivvargh's General Store.
  5457 | D:6      | Bought a potion of curing for 36 gold pieces
  5457 | D:6      | Bought a wand of paralysis (5) for 144 gold pieces
  5457 | D:6      | Bought 2 potions of attraction for 72 gold pieces
  5457 | D:6      | Bought a potion of might for 48 gold pieces
  5457 | D:6      | Bought a scroll of immolation for 48 gold pieces
  5457 | D:6      | Bought a scroll of identify for 24 gold pieces
  5995 | D:7      | Reached skill level 5 in Shields
  6125 | D:7      | Reached skill level 1 in Evocations
  6498 | D:8      | Noticed a centaur warrior
  6520 | D:8      | Killed a centaur warrior
  6521 | D:8      | Reached skill level 5 in Shapeshifting
  6528 | D:8      | Reached XP level 11. HP: 51/79 MP: 9/9
  6934 | D:8      | Reached skill level 1 in Throwing
  6934 | D:8      | Reached * piety under Dithmenos
  7987 | D:9      | Noticed a purple ugly thing
  7995 | D:9      | Killed a purple ugly thing
  8144 | D:9      | Found an ancient bone altar of Kikubaaqudgha.
  8191 | D:9      | Found a staircase to the Orcish Mines.
  8440 | Orc:1    | Entered Level 1 of the Orcish Mines
  8451 | D:9      | Reached ** piety under Dithmenos
  8586 | Orc:1    | Noticed an orc warlord
  8947 | Orc:1    | HP: 1/81 [orc warlord/+0 halberd (24)]
  8950 | Orc:1    | Killed an orc warlord
  8951 | Orc:1    | Reached skill level 9 in Unarmed Combat
  8970 | D:9      | Upgraded the game from 0.32-a0-135-g14f8b2e to
                  | 0.32-a0-136-gc02482b
  8987 | Orc:1    | Found Rerr's Antique Armour Boutique.
  8996 | Orc:1    | Noticed an orc sorcerer
  9007 | Orc:1    | Killed an orc sorcerer
  9027 | Orc:1    | Bought a glowing hat for 140 gold pieces
  9049 | Orc:1    | Found a runed translucent gate.
  9049 | Orc:1    | Found a runed translucent gate.
  9050 | Orc:1    | Found a runed translucent gate.
  9183 | Orc:1    | Reached XP level 12. HP: 42/89 MP: 10/10
  9801 | Orc:1    | Noticed Dorkslayer's ghost (journeyman OpFi)
  9801 | Orc:1    | Noticed Quang's ghost (journeyman SpHu)
  9802 | Orc:1    | Noticed Sep Cush's ghost (journeyman FeSu)
 10048 | Orc:1    | Killed Sep Cush's ghost
 10049 | Orc:1    | Reached skill level 5 in Evocations
 10299 | Orc:1    | Killed Dorkslayer's ghost
 10681 | D:10     | Entered Level 10 of the Dungeon
 10820 | D:10     | Found a burning altar of Makhleb.
 10820 | D:10     | Noticed a green death
 11047 | D:10     | Noticed a sun demon
 11055 | D:10     | Killed a sun demon
 11060 | D:10     | Reached *** piety under Dithmenos
 11472 | D:10     | Found a staircase to the Lair.
 11747 | D:10     | Gained mutation: You sometimes lose your temper in combat.
                  | [a neqoxec]
 12002 | D:11     | Found a frozen archway.
 12011 | IceCv    | Entered an ice cave
 13890 | IceCv    | Slain by a harpy simulacrum

Illustrated notes

Levels and vault maps discovered:
D:1:      lemuel_arrival_room, layout_basic
D:2:      layout_basic, nicolae_ecumenical_lake_church,
          chequers_serial_rivers_micro_d
D:3:      layout_loops_corners, grunt_temple_overflow_holy_war,
          nicolae_wu_jian_wuxing_cycle, glass_columns_c,
          nicolae_elevator_lobby_asterisk, uniq_jessica, uniq_terence
D:4:      layout_loops_ring
D:5:      layout_basic, vehumet_crystals, minmay_temple_entry_grid, minivault_5,
          uniq_pikel, uniq_edmund
D:6:      layout_basic, serial_shops, shop, minmay_diced_spiral
D:7:      layout_cave_pools, enter_bailey_3, serial_undead, serial_undead_b,
          serial_undead_a, serial_undead_c, serial_undead_c, serial_undead_d,
          serial_undead_c, serial_undead_d
D:8:      minmay_chambers_of_sixes, layout_basic,
          chequers_temple_overflow_statue_of_worship, st_stairs_3
D:9:      layout_gridville, mainiacjoe_overflow_tiny_flanked, orc_0_dummy
D:10:     layout_irregular_city, makhleb_altar_promises_db,
          erik_lair_orcish_takeover, serial_demonic, serial_demonic_a,
          serial_demonic_e, serial_demonic_b, serial_demonic_f
D:11:     cheibrodos_orc_bank, layout_grid_maze, serial_ice, serial_ice_d,
          serial_ice_n, serial_ice_f, serial_ice_i,
          portal_ice_cave_entry_ice_simulacra, st_stairs_1
Temple:   minmay_temple_curvy_branch
Orc:1:    layout_caves, serial_shops, nicolae_shop_waterfront,
          gammafunk_ghost_cemetery
IceCv:    ice_cave_statue_garden_chambered

Skill      XL: |  1  2  3  4  5  6  7  8  9 10 11 12 |
---------------+-------------------------------------+-----
Unarmed Combat | 3 4 5 6 7 8 9 |  9.6
Stealth        | 1 2 3 4 5 6 8 |  8.7
Dodging        | 4 5 6 7 |  7.4
Shapeshifting  | 1 2 3 5 6 7 |  7.1
Axes           | 1 2 4 5 |  5.8
Maces & Flails | 3 4 |  4.9
Fighting       | 4 5 7 |  7.6
Shields        | 4 5 6 7 |  7.4
Evocations     | 2 4 5 |  5.8
Throwing       | 1 2 |  2.6

Action                     |  1- 3 |  4- 6 |  7- 9 | 10-12 || total
---------------------------+-------+-------+-------+-------++-------
  Melee: Unarmed           |    73 |    92 |     2 |       ||   167
         Tentacles         |    13 |    19 |    52 |   131 ||   215
         Constrict         |    17 |    18 |    48 |    61 ||   144
         Punch             |     2 |     4 |    11 |    51 ||    68
         War axe           |       |       |   102 |   354 ||   456
         Flail             |       |       |    79 |   238 ||   317
  Throw: Dart              |       |       |     3 |     6 ||     9
         Boomerang         |       |       |       |   128 ||   128
  Evoke: Wand              |       |       |       |     8 ||     8
         Condenser vane    |       |       |       |     2 ||     2
    Use: Scroll            |     2 |     6 |     6 |    16 ||    30
         Potion            |     1 |     3 |     3 |     9 ||    16
   Stab: Sleeping          |     2 |    11 |     9 |    22 ||    44
         Distracted        |     1 |       |     1 |       ||     2
         Invisible         |       |       |       |     1 ||     1
         Paralysed         |       |       |       |     4 ||     4
 Armour: Skin              |    20 |    38 |   107 |   280 ||   445
  Dodge: Dodged            |    34 |    30 |   227 |   409 ||   700
  Block: Buckler           |    12 |    17 |    74 |     9 ||   112
         Kite shield       |       |       |       |   366 ||   366
   Form: Beast             |       |       |       |     1 ||     1

Table legend: (Time is in decaauts)
 A = Elapsed time spent in this place.
 B = Non-inter-level travel time spent in this place.
 C = Inter-level travel time spent in this place.
 D = Time resting spent in this place.
 E = Time spent auto-exploring this place.
 F = Levels seen in this place.
 G = Mean time per level.
                   A        B        C        D        E       F      G
               +--------+--------+--------+--------+--------+-----+--------+
         Total |  14208 |  14186 |     22 |   3362 |   4369 |  15 |  947.2 |
       Dungeon |  10020 |   9998 |     22 |   1331 |   4369 |  11 |  910.9 |
        Temple |     23 |     23 |      0 |      0 |      0 |   1 |   23.0 |
  Orcish Mines |   1615 |   1615 |      0 |    649 |      0 |   1 | 1615.0 |
        Bailey |    525 |    525 |      0 |    190 |      0 |   1 |  525.0 |
      Ice Cave |   2022 |   2022 |      0 |   1192 |      0 |   1 | 2022.0 |
               +--------+--------+--------+--------+--------+-----+--------+

Top non-repeatable levels by time:
   IceCv: 2022 daAuts
   Orc:1: 1615 daAuts
     D:9: 1481 daAuts
     D:8: 1300 daAuts
    D:10: 1273 daAuts
     D:3: 1048 daAuts
     D:7: 990 daAuts
     D:5: 970 daAuts
     D:1: 791 daAuts
     D:6: 772 daAuts
     D:4: 697 daAuts
     D:2: 626 daAuts
  Bailey: 525 daAuts
    D:11: 66 daAuts
  Temple: 23 daAuts
